 Dungeon Crawl Stone Soup version 0.31-a0-986-g5e6e4ef867 (webtiles) character file.

Game seed: 10696306288912229560

3315 monsoonserge the Grappler (level 9, -2/71 HPs)
             Began as a Purple Draconian Shapeshifter on Nov 17, 2023.
             Was a Believer of Wu Jian.
             Slain by an ice beast (7 damage)
             ... on level 8 of the Dungeon.
             The game lasted 00:17:39 (5888 turns).

monsoonserge the Grappler (DrSh)                    Turns: 5888, Time: 00:17:40

Health: -2/71      AC:  8    Str: 21    XL:     9   Next: 71%
Magic:  9/9        EV: 13    Int: 10    God:    Wu Jian [**....]
Gold:   299        SH:  0    Dex: 11    Spells: 8/8 levels left

rFire   . .          .
                       - Unarmed
rCold   . . .        (shield currently unavailable)
rNeg    . . .        (body armour unavailable)
rPois   .            (helmet restricted)
rElec   .            m - +0 cloak
rCorr   +            (no gloves)
SInv    .            (no boots)
Will    +....        v - amulet of magic regeneration
Stlth   +            H - ring of resist corrosion
HPRegen 0.31/turn    (no ring)
MPRegen 0.51/turn

%: no passive effects
@: about to teleport, flux-form, slowed, glowing, very slow
A: glow, contaminating, breathe power, AC +7, unfitting armour, cold-blooded
a: Breathe Dispelling Energy, Begin Untransformation, Renounce Religion, Wall
Jump


You were on level 8 of the Dungeon.
You worshipped Wu Jian.
Wu Jian was pleased with you.
You were something dangerously unstable.
You visited 2 branches of the dungeon, and saw 9 of its levels.
You also visited: Ossuary.

You collected 299 gold pieces.

Inventory:

Hand Weapons
 F - a +1 sling of electrocution
Missiles
 t - a poisoned dart (quivered)
 u - 3 boomerangs
 E - 4 javelins
Armour
 m - a +0 cloak (worn)
 G - a +0 tower shield
Magical Staves
 j - a staff of conjuration
Jewellery
 v - an amulet of magic regeneration (around neck)
 H - a ring of resist corrosion (left hand)
Talismans
 b - a beast talisman
 c - a flux talisman (active)
Wands
 e - a wand of charming (3)
 r - a wand of roots (12)
 B - a wand of digging (5)
 I - a wand of polymorph (1)
Scrolls
 f - 6 scrolls of teleportation
 h - a scroll of silence
 i - a scroll of blinking
 k - 3 scrolls of vulnerability {unknown}
 l - a scroll of poison
 s - 2 scrolls of enchant weapon {unknown}
 w - 2 scrolls of fog {unknown}
 y - 2 scrolls of fear
Potions
 a - 3 potions of lignification
 d - 3 potions of heal wounds
 g - a potion of magic {unknown}
 n - a potion of might
 o - a potion of resistance {unknown}
 p - 3 potions of invisibility
 q - a potion of mutation {unknown}
 x - 4 potions of haste {unknown}
 z - a potion of cancellation {unknown}
 A - a potion of curing {unknown}
 C - 3 potions of degeneration {unknown}
 D - a potion of attraction {unknown}


   Skills:
 + Level 3.6 Fighting
 - Level 0.4 Polearms
 + Level 0.4 Throwing
 + Level 5.6 Dodging
 + Level 9.5 Unarmed Combat
 + Level 0.1 Evocations
 * Level 7.9 Shapeshifting


You had 8 spell levels left.
You didn't know any spells.
Your spell library contained the following spells:

 Spells                   Type           Power      Damage    Failure   Level
 Apportation              Tloc           0%         N/A       36%         1
 Jinxbite                 Hex            0%         N/A       50%         2
 Ozocubu's Armour         Ice            0%         N/A       75%         3
 Alistair's Intoxication  Tmut/Pois      0%         N/A       100%        5
 Metabolic Englaciation   Hex/Ice        0%         N/A       100%        5
 Simulacrum               Ice/Necr       0%         N/A       100%        6


Dungeon Overview and Level Annotations

Branches:
Dungeon (8/15)             Temple (1/1) D:6            Lair (0/5) D:8
Ossuary (visited)

Altars:
Cheibriados
Dithmenos
Elyvilon
Fedhas
Gozag
Makhleb
Nemelex Xobeh
Okawaru
Sif Muna
Trog
Uskayaw
Vehumet
Wu Jian
Xom
Yredelemnul
Zin
The Shining One

Annotations:
D:8 Maurice


Innate Abilities, Weirdness & Mutations

You are something dangerously unstable.
You glow with magical radiation, making you easy to see and hit.
Foes you strike become dangerously contaminated with magical radiation.
You are incapable of wielding weapons or throwing items.
You can breathe bolts of dispelling energy.
Your rich purple scales are hard. (AC +7)
You cannot fit into any form of body armour.
You are cold-blooded and may be slowed by cold attacks.


Message History

You spin and attack the hound repeatedly.
You closely miss the hound.
The hound is severely wounded.
You hit the hound.
You kill the hound!
The Council accepts your kill.
You spin and attack the hound.
You hit the hound.
The hound begins to glow.
The hound is moderately wounded.
The hound barely misses you. x2; The wolf barely misses you.
Unknown command.
As you read the scroll of teleportation, it crumbles to dust.
You feel strangely unstable. The hound closely misses you. The wolf bites you.
* * * LOW HITPOINT WARNING * * *
The hound bites you but does no damage. The hound misses you.
The wolf bites you.
* * * LOW HITPOINT WARNING * * *
Unknown command.
You spin and attack the wolf.
You hit the wolf but do no damage.
The wolf glows dangerously bright.
You spin and attack the ice beast.
You hit the ice beast.
The ice beast begins to glow.
The ice beast is lightly wounded.
The wolf bites you but does no damage. The ice beast misses you.
The hound barely misses you.
Unknown command.
Unknown command.
You spin and attack the hound.
You hit the hound but do no damage.
The hound glows dangerously bright.
The hound is moderately wounded.
The hound stops glowing.
The hound bites you but does no damage.
Unknown command.
Unknown command.
You spin and attack the wolf.
You barely miss the wolf.
You spin and attack the ice beast.
You hit the ice beast.
The ice beast glows dangerously bright.
The ice beast is moderately wounded.
The troll stops glowing.
The wolf bites you but does no damage. The ice beast hits you.
* * * LOW HITPOINT WARNING * * *
The ice beast freezes you!
You feel yourself slow down.
You die...

#.......####
#.###.#.# #.#.# #
#.# #.############
#####............#
..................#
#######...........#
#...TYp.....#
#....hh.....#
#+####..†.h......#
.................#
~~~~S~.........).#
≈≈≈≈≈≈≈......~...#
≈≈≈≈≈≈~≈~..~~....#
≈≈≈≈≈≈≈≈~.~.~...##
≈≈≈~h≈~~.~~≈~...#


You could see a troll, an ice beast (heavy contam), a wolf (heavy contam), 2
hounds and an electric eel.

Vanquished Creatures
  Pikel (D:6)
  Jeremiah (D:6)
  Grinder (D:6)
  Eustachio (D:5)
  A water moccasin (D:6)
  A sky beast (D:6)
  A black bear (D:6)
  An ice beast (D:5)
  3 ogres
  A wolf (D:8)
  A centaur (D:5)
  A phantom (D:3)
  2 bullfrogs
  3 scorpions
  5 wights (D:7)
  An electric eel (D:8)
  2 centaur zombies (Ossuary)
  6 hounds
  A sleepcap (D:6)
  2 orc wizards (D:7)
  7 iguanas
  3 hound skeletons (D:4)
  6 mummies (Ossuary)
  7 adders
  2 white imps
  2 ufetubi (D:7)
  An adder zombie (D:4)
  3 adder skeletons (D:4)
  4 dart slugs
  13 orcs
  7 bats
  3 endoplasms
  4 giant cockroaches
  8 goblins
  4 hobgoblins
  2 jackals (D:3)
  4 kobolds
  5 quokkas
  9 ball pythons
  3 frilled lizards
  5 hobgoblin zombies (Ossuary)
  2 rats
140 creatures vanquished.

Notes
Turn   | Place    | Note
-------+----------+-------------------------------------------
     0 | D:1      | monsoonserge the Draconian Shapeshifter began the quest for
                  | the Orb.
     0 | D:1      | Reached XP level 1. HP: 16/16 MP: 1/1
   289 | D:1      | Reached XP level 2. HP: 22/23 MP: 2/2
   657 | D:1      | Reached XP level 3. HP: 29/29 MP: 3/3
   757 | D:2      | Found a faded altar of an unknown god.
  1538 | D:3      | Found an opulent altar of Gozag.
  1546 | D:3      | Noticed a phantom
  1550 | D:3      | Killed a phantom
  1551 | D:3      | Reached XP level 4. HP: 36/36 MP: 4/4
  1676 | D:3      | Reached XP level 5. HP: 41/41 MP: 5/5
  1688 | D:3      | Found an ornate altar of the Wu Jian Council.
  1704 | D:3      | Became a worshipper of the Wu Jian Council
  2204 | D:4      | Found a sand-covered staircase.
  2280 | Ossuary  | Entered an ossuary
  2309 | Ossuary  | Reached XP level 6. HP: 33/50 MP: 6/6
  2529 | D:4      | Reached * piety under Wu Jian
  2563 | D:4      | Reached skill level 4 in Unarmed Combat
  2717 | D:4      | Your scales start taking on a rich purple colour.
  2717 | D:4      | Reached XP level 7. HP: 56/56 MP: 7/7
  2765 | D:4      | Reached skill level 5 in Unarmed Combat
  3164 | D:5      | Entered Level 5 of the Dungeon
  3530 | D:5      | Reached skill level 5 in Shapeshifting
  3704 | D:5      | Found the +4 robe of Augmentation {Str+4 Int+4 Dex+4}
  3727 | D:5      | Reached skill level 6 in Unarmed Combat
  3764 | D:5      | Noticed Eustachio
  3791 | D:5      | Killed Eustachio
  3792 | D:5      | Reached XP level 8. HP: 47/63 MP: 8/8
  4162 | D:6      | Reached skill level 7 in Unarmed Combat
  4254 | D:6      | Noticed Grinder
  4261 | D:6      | Killed Grinder
  4422 | D:6      | Noticed Pikel
  4431 | D:6      | Killed Pikel
  4432 | D:6      | Reached skill level 5 in Dodging
  4432 | D:6      | Reached skill level 8 in Unarmed Combat
  4432 | D:6      | Reached XP level 9. HP: 64/70 MP: 9/9
  4561 | D:6      | Reached ** piety under Wu Jian
  4570 | D:6      | Found a sparkling altar of Nemelex Xobeh.
  4570 | D:6      | Noticed Jeremiah
  5031 | D:7      | Reached skill level 9 in Unarmed Combat
  5445 | D:8      | Noticed Maurice
  5529 | D:6      | Killed Jeremiah
  5739 | D:6      | Found a staircase to the Ecumenical Temple.
  5748 | Temple   | Entered the Ecumenical Temple
  5869 | D:8      | Found a staircase to the Lair.
  5869 | D:8      | Noticed a troll
  5888 | D:8      | Slain by an ice beast

Illustrated notes

Levels and vault maps discovered:
D:1:      dpeg_arrival_snail, layout_basic
D:2:      layout_basic, chequers_ecumenical_altar_island
D:3:      layout_basic, mainiacjoe_overflow_boulevard, old_standard_altar
D:4:      layout_basic, mainiacjoe_ossuary_entry_find_the_door
D:5:      layout_basic, uniq_eustachio
D:6:      layout_rooms, nemelex_xobeh_ov_fountains_minmay, temple_hall,
          uniq_jeremiah, uniq_pikel, uniq_grinder
D:7:      layout_gridville
D:8:      layout_basic, nicolae_ru_sacrificial_ziggurat,
          mainiacjoe_overflow_brackets, erik_lair_island, uniq_joseph,
          uniq_maurice, uniq_maggie
Temple:   nicolae_temple_bog_church

Skill      XL: |  1  2  3  4  5  6  7  8  9 |
---------------+----------------------------+-----
Dodging        | 2 3 4 5 |  5.6
Shapeshifting  | 4 5 6 7 |  7.9
Fighting       | 2 3 |  3.6
Unarmed Combat | 4 6 8 9 |  9.5
Polearms       | |  0.4
Throwing       | |  0.4
Evocations     | |  0.1

Action                     |  1- 3 |  4- 6 |  7- 9 || total
---------------------------+-------+-------+-------++-------
  Melee: Unarmed           |    51 |   156 |   311 ||   518
         Trident           |    26 |    23 |       ||    49
         Tailslap          |     5 |    21 |    42 ||    68
         Punch             |     1 |     3 |     7 ||    11
  Throw: Dart              |       |     2 |     3 ||     5
Ability: Lunge             |       |    14 |    26 ||    40
         Whirlwind         |       |       |    65 ||    65
         Breathe Dispellin |       |       |     2 ||     2
  Evoke: Wand              |       |     2 |       ||     2
    Use: Scroll            |       |       |     9 ||     9
         Potion            |       |       |     1 ||     1
   Stab: Sleeping          |     1 |     1 |     1 ||     3
 Armour: Skin              |    43 |    98 |   169 ||   310
  Dodge: Dodged            |    49 |   137 |   161 ||   347
   Form: Flux              |       |       |     1 ||     1

Table legend: (Time is in decaauts)
 A = Elapsed time spent in this place.
 B = Non-inter-level travel time spent in this place.
 C = Inter-level travel time spent in this place.
 D = Time resting spent in this place.
 E = Time spent auto-exploring this place.
 F = Levels seen in this place.
 G = Mean time per level.
                   A        B        C        D        E       F      G
               +--------+--------+--------+--------+--------+-----+--------+
         Total |   5906 |   5610 |    296 |    856 |   2933 |  10 |  590.6 |
       Dungeon |   5687 |   5391 |    296 |    731 |   2933 |   8 |  710.9 |
        Temple |      1 |      1 |      0 |      0 |      0 |   1 |    1.0 |
       Ossuary |    217 |    217 |      0 |    125 |      0 |   1 |  217.0 |
               +--------+--------+--------+--------+--------+-----+--------+

Top non-repeatable levels by time:
     D:5: 1000 daAuts
     D:6: 989 daAuts
     D:2: 838 daAuts
     D:4: 770 daAuts
     D:1: 720 daAuts
     D:3: 652 daAuts
     D:7: 636 daAuts
 Ossuary: 217 daAuts
     D:8: 78 daAuts
  Temple: 1 daAuts
